 Dungeon Crawl Stone Soup version 0.29.1-12-g30fa7ad0bf (webtiles) character file.

Game seed: 16768627236275415513

3696 xzight the Blocker (level 10, -14/82 HPs)
             Began as a Gnoll Fighter on Dec 29, 2022.
             Was a Believer of Cheibriados.
             Demolished by a red devil
             ... wielding a +0 trident
              (20 damage)
             ... on level 9 of the Dungeon.
             The game lasted 00:18:33 (8470 turns).

xzight the Blocker (Gnoll Fighter)                  Turns: 8470, Time: 00:18:34

Health: -14/82     AC: 12    Str: 29    XL:     10   Next: 13%
Magic:  17/17      EV: 11    Int: 21    God:    Cheibriados [**....]
Gold:   430        SH:  6    Dex: 14    Spells: 17/19 levels left

rFire   . . .      SeeInvis .   a - +5 hand axe of Experimentation {vamp, rC+ Str+2 Int+4 Dex-2}
rCold   + . .      Faith    .   c - +0 buckler
rNeg    . . .      Spirit   .   h - +0 chain mail
rPois   .          Reflect  .   (no helmet)
rElec   .          Harm     .   (no cloak)
rCorr   .          Rampage  .   (no gloves)
Will    .....                   F - +0 pair of boots
Stlth   ..........              l - amulet of regeneration
HPRegen 1.03/turn               S - +6 ring of strength
MPRegen 0.15/turn               (no ring)

@: spiked, very slow
A: fangs 1, strong nose, distributed training
a: Renounce Religion, Bend Time


You were on level 9 of the Dungeon.
You worshipped Cheibriados.
Cheibriados was pleased with you.
You visited 1 branch of the dungeon, and saw 9 of its levels.

You collected 430 gold pieces.


Innate Abilities, Weirdness & Mutations

You have very sharp teeth.
Your uncanny sense of smell can sniff out nearby items.
Your experience applies equally to all skills.


   Skills:
 + Level 8.4 Fighting
 + Level 5.2 Short Blades
 + Level 5.2 Long Blades
 + Level 5.2 Axes
 + Level 7.0 Maces & Flails
 + Level 5.2 Polearms
 + Level 5.2 Staves
 + Level 5.2 Ranged Weapons
 + Level 5.2 Throwing
 + Level 8.4 Armour
 + Level 5.2 Dodging
 + Level 5.2 Stealth
 + Level 8.4 Shields
 + Level 5.2 Unarmed Combat
 + Level 5.2 Spellcasting
 + Level 4.2 Conjurations
 + Level 4.2 Hexes
 + Level 4.2 Summonings
 + Level 4.2 Necromancy
 + Level 4.2 Translocations
 + Level 4.2 Transmutations
 + Level 4.2 Fire Magic
 + Level 4.2 Ice Magic
 + Level 4.2 Air Magic
 + Level 4.2 Earth Magic
 + Level 4.2 Poison Magic
 + Level 5.7 Invocations
 + Level 5.2 Evocations


You had 17 spell levels left.
You knew the following spells:

 Your Spells              Type           Power      Damage    Failure   Level
a - Scorch                Fire           46%        2d7       14%         2

Your spell library contained the following spells:

 Spells                   Type           Power      Damage    Failure   Level
 Inner Flame              Hex/Fire       23%        N/A       28%         3
 Stone Arrow              Conj/Erth      46%        3d9       28%         3
 Animate Armour           Summ/Erth      46%        N/A       67%         4
 Cause Fear               Hex            11%        N/A       67%         4
 Flame Wave               Conj/Fire      23%        2d8       67%         4
 Summon Forest            Summ/Tloc      11%        N/A       95%         5
 Summon Mana Viper        Hex/Summ       23%        N/A       95%         5
 Summon Cactus Giant      Summ           11%        N/A       100%        6
 Discord                  Hex            11%        N/A       100%        8
 Lehudib's Crystal Spear  Conj/Erth      11%        10d4      100%        8

Inventory:

Hand Weapons
 a - the +5 hand axe of Experimentation (weapon) {vamp, rC+ Str+2 Int+4 Dex-2}
   (You found it on level 4 of the Dungeon)

   It occasionally heals its wielder for a portion of the damage dealt when it
   wounds a living foe.
   Str:       It affects your strength (+2).
   Int:       It affects your intelligence (+4).
   Dex:       It affects your dexterity (-2).
   rC:        It protects you from cold.
 b - a +0 sling
Missiles
 d - 6 boomerangs of dispersal {=f}
 G - 2 throwing nets {=f}
Armour
 c - a +0 buckler (worn)
 h - a +0 chain mail (worn)
 F - a +0 pair of boots (worn)
Jewellery
 f - a ring of fire
 l - an amulet of regeneration (around neck)
 C - a ring of ice
 S - a +6 ring of strength (left hand)
Wands
 m - a wand of mindburst (13)
 D - a wand of iceblast (9)
 I - a wand of digging (7)
Scrolls
 j - 2 scrolls of vulnerability
 o - a scroll of blinking {unknown}
 p - a scroll of fog {unknown}
 q - 2 scrolls of amnesia {unknown}
 r - a scroll of torment {unknown}
 t - 2 scrolls of magic mapping {unknown}
 u - 3 scrolls of poison
 w - 2 scrolls of teleportation {@r2}
 A - 2 scrolls of noise {unknown}
 B - a scroll of identify {@r1}
 E - a scroll of fear
Potions
 e - 2 potions of ambrosia {unknown}
 g - 2 potions of mutation {unknown}
 i - a potion of lignification {unknown}
 k - a potion of invisibility {unknown}
 n - 2 potions of degeneration {unknown}
 s - 2 potions of attraction {unknown}
 v - 2 potions of resistance {unknown}
 x - 2 potions of brilliance
 y - a potion of cancellation {unknown}
 z - 2 potions of curing {@q1}
 H - a potion of magic {unknown}

Dungeon Overview and Level Annotations

Branches:
Dungeon (9/15)             Temple (0/1) D:5
   Lair: D:8-11         Orc: D:9-12

Altars:
Cheibriados
Dithmenos
Fedhas
Hepliaklqana
Kikubaaqudgha
Makhleb
Okawaru
Sif Muna
Uskayaw
Xom
Zin

Shops:
D:1 !   D:2 [   D:4 [

Annotations:
D:8 3 runed translucent doors, KittyFluff's ghost, novice GrBe

........#
....)...#
........#
.........#
.........#
.........#######
..........(....#
...........44)#
###..P..♣####@#
#......# #.#
#....PP# #.#
#.c..5## #.#
#....## #.#
#...## #.# #...
#.# #... #.#
#5.. #.#


You could see 2 red devils.


Message History

The red devil hits you from afar with a +0 trident!
* * * LOW HITPOINT WARNING * * *
Barbed spikes become lodged in your body.
You hit the red devil.
You bite the red devil, but do no damage.
The red devil is severely wounded.
You block the red devil's attack.
The red devil hits you from afar with a +0 trident!
* * * LOW HITPOINT WARNING * * *
Barbed spikes become lodged in your body.
You closely miss the red devil.
You bite the red devil, but do no damage.
The red devil is severely wounded.
The red devil hits you with a +0 trident.
* * * LOW HITPOINT WARNING * * *
Barbed spikes become lodged in your body.
The red devil hits you from afar with a +0 trident!
* * * LOW HITPOINT WARNING * * *
Barbed spikes become lodged in your body.
You hit the red devil but do no damage.
You bite the red devil, but do no damage.
The red devil is severely wounded.
The red devil barely misses you.
The red devil hits you but does no damage.
You feel better.
The red devil hits you from afar with a +0 trident!
* * * LOW HITPOINT WARNING * * *
Barbed spikes become lodged in your body.
The red devil hits you with a +0 trident!!
You die...

Skill      XL: |  1  2  3  4  5  6  7  8  9 10 |
---------------+-------------------------------+-----
Invocations    | 1 2 3 4 5 |  5.7
Short Blades   | 1 3 4 5 |  5.2
Long Blades    | 1 3 4 5 |  5.2
Axes           | 1 3 4 5 |  5.2
Polearms       | 1 3 4 5 |  5.2
Staves         | 1 3 4 5 |  5.2
Ranged Weapons | 1 3 4 5 |  5.2
Throwing       | 1 3 4 5 |  5.2
Dodging        | 1 3 4 5 |  5.2
Stealth        | 1 3 4 5 |  5.2
Unarmed Combat | 1 3 4 5 |  5.2
Spellcasting   | 1 3 4 5 |  5.2
Evocations     | 1 3 4 5 |  5.2
Conjurations   | 1 2 3 4 |  4.2
Hexes          | 1 2 3 4 |  4.2
Summonings     | 1 2 3 4 |  4.2
Necromancy     | 1 2 3 4 |  4.2
Translocations | 1 2 3 4 |  4.2
Transmutations | 1 2 3 4 |  4.2
Fire Magic     | 1 2 3 4 |  4.2
Ice Magic      | 1 2 3 4 |  4.2
Air Magic      | 1 2 3 4 |  4.2
Earth Magic    | 1 2 3 4 |  4.2
Poison Magic   | 1 2 3 4 |  4.2
Maces & Flails | 5 6 7 |  7.0
Fighting       | 7 8 |  8.4
Armour         | 7 8 |  8.4
Shields        | 7 8 |  8.4

Action                   |  1- 3 |  4- 6 |  7- 9 | 10-12 || total
-------------------------+-------+-------+-------+-------++-------
Melee: Flail             |   109 |   161 |       |       ||   270
       Bite              |     8 |    21 |    23 |     7 ||    59
       Hand axe          |       |    63 |   232 |    37 ||   332
Evoke: Wand              |       |       |     2 |       ||     2
  Use: Scroll            |       |     2 |     5 |       ||     7
       Potion            |       |     2 |     4 |     1 ||     7
Armor: Scale mail        |    26 |       |       |       ||    26
       Chain mail        |    50 |   132 |   126 |    34 ||   342
Dodge: Dodged            |    44 |    61 |   105 |    26 ||   236
Block: Buckler           |    27 |    55 |    65 |    14 ||   161

Levels and vault maps discovered:
D:1:      nzn_arrival_crosshair, layout_basic, serial_shops,
          nicolae_shop_statue_plus, hex_large
D:2:      layout_basic, serial_shops, nicolae_shop_statue_plus
D:3:      layout_loops_cross, nicolae_overflow_hidden_temple,
          chequers_ecumenical_altar_island
D:4:      layout_loops_ring, serial_shops, shop, minivault_14
D:5:      layout_cave_pools, minmay_temple_entry_overgrown,
          cheibrodos_sewer_entry_bend, uniq_pikel
D:6:      layout_loops_ring, doesnt_xom_only_xom
D:7:      layout_gridville, sigmund_edmund_badplayer, uniq_prince_ribbit1,
          uniq_duvessa, uniq_joseph
D:8:      layout_basic, grunt_temple_overflow_order_and_chaos_2,
          gammafunk_ghost_icy
D:9:      layout_small_grid, minmay_lair_entry_lava, serial_demonic,
          serial_demonic_c, serial_demonic_c, serial_demonic_c,
          serial_demonic_b, serial_demonic_a, serial_demonic_a,
          serial_demonic_a, serial_demonic_a, serial_demonic_e,
          serial_demonic_e, uniq_erolcha

Notes
Turn   | Place    | Note
-------+----------+-------------------------------------------
     0 | D:1      | xzight the Gnoll Fighter began the quest for the Orb.
     0 | D:1      | Reached XP level 1. HP: 23/23 MP: 1/1
   223 | D:1      | Reached XP level 2. HP: 29/29 MP: 2/2
   254 | D:1      | Found Eguceiz's Distillery.
   850 | D:2      | Found Mabyloq's Antique Armour Shoppe.
   926 | D:2      | Reached XP level 3. HP: 35/35 MP: 2/4
  1145 | D:2      | Reached skill level 1 in Invocations
  1525 | D:2      | Reached skill level 1 in Short Blades
  1525 | D:2      | Reached skill level 1 in Long Blades
  1525 | D:2      | Reached skill level 1 in Axes
  1525 | D:2      | Reached skill level 1 in Polearms
  1525 | D:2      | Reached skill level 1 in Staves
  1525 | D:2      | Reached skill level 1 in Ranged Weapons
  1525 | D:2      | Reached skill level 1 in Throwing
  1525 | D:2      | Reached skill level 1 in Dodging
  1525 | D:2      | Reached skill level 1 in Stealth
  1525 | D:2      | Reached skill level 1 in Unarmed Combat
  1525 | D:2      | Reached skill level 1 in Spellcasting
  1525 | D:2      | Reached skill level 1 in Evocations
  2034 | D:3      | Reached skill level 1 in Conjurations
  2034 | D:3      | Reached skill level 1 in Hexes
  2034 | D:3      | Reached skill level 1 in Summonings
  2034 | D:3      | Reached skill level 1 in Necromancy
  2034 | D:3      | Reached skill level 1 in Translocations
  2034 | D:3      | Reached skill level 1 in Transmutations
  2034 | D:3      | Reached skill level 1 in Fire Magic
  2034 | D:3      | Reached skill level 1 in Ice Magic
  2034 | D:3      | Reached skill level 1 in Air Magic
  2034 | D:3      | Reached skill level 1 in Earth Magic
  2034 | D:3      | Reached skill level 1 in Poison Magic
  2034 | D:3      | Reached XP level 4. HP: 37/41 MP: 5/5
  2469 | D:3      | Reached XP level 5. HP: 19/47 MP: 5/7
  2689 | D:3      | Found a shimmering blue altar of Sif Muna.
  2692 | D:3      | Found a hide-covered altar of Uskayaw.
  2947 | D:3      | Found a faded altar of an unknown god.
  3347 | D:4      | Found Uxkon's Armour Boutique.
  3430 | D:4      | Noticed an ogre
  3461 | D:3      | Found an ancient bone altar of Kikubaaqudgha.
  3461 | D:3      | Found an iron altar of Okawaru.
  3464 | D:3      | Found a snail-covered altar of Cheibriados.
  3472 | D:3      | Became a worshipper of Cheibriados the Contemplative
  3545 | D:4      | Killed an ogre
  3546 | D:4      | Reached skill level 2 in Invocations
  3546 | D:4      | Reached XP level 6. HP: 53/53 MP: 8/8
  3594 | D:4      | Reached skill level 5 in Maces & Flails
  3617 | D:4      | Reached skill level 2 in Short Blades
  3617 | D:4      | Reached skill level 2 in Long Blades
  3617 | D:4      | Reached skill level 2 in Axes
  3617 | D:4      | Reached skill level 2 in Polearms
  3617 | D:4      | Reached skill level 2 in Staves
  3617 | D:4      | Reached skill level 2 in Ranged Weapons
  3617 | D:4      | Reached skill level 2 in Throwing
  3617 | D:4      | Reached skill level 2 in Dodging
  3617 | D:4      | Reached skill level 2 in Stealth
  3617 | D:4      | Reached skill level 2 in Unarmed Combat
  3617 | D:4      | Reached skill level 2 in Spellcasting
  3617 | D:4      | Reached skill level 2 in Evocations
  3915 | D:4      | Identified the +5 hand axe of Experimentation {vamp, rC+
                  | Str+2 Int+4 Dex-2}
  4232 | D:5      | Entered Level 5 of the Dungeon
  4255 | D:5      | Noticed Pikel
  4405 | D:5      | Found a staircase to the Ecumenical Temple.
  4497 | D:5      | Killed Pikel
  4498 | D:5      | Reached skill level 7 in Fighting
  4498 | D:5      | Reached skill level 3 in Short Blades
  4498 | D:5      | Reached skill level 3 in Long Blades
  4498 | D:5      | Reached skill level 3 in Axes
  4498 | D:5      | Reached skill level 3 in Polearms
  4498 | D:5      | Reached skill level 3 in Staves
  4498 | D:5      | Reached skill level 3 in Ranged Weapons
  4498 | D:5      | Reached skill level 3 in Throwing
  4498 | D:5      | Reached skill level 7 in Armour
  4498 | D:5      | Reached skill level 3 in Dodging
  4498 | D:5      | Reached skill level 3 in Stealth
  4498 | D:5      | Reached skill level 7 in Shields
  4498 | D:5      | Reached skill level 3 in Unarmed Combat
  4498 | D:5      | Reached skill level 3 in Spellcasting
  4498 | D:5      | Reached skill level 2 in Conjurations
  4498 | D:5      | Reached skill level 2 in Hexes
  4498 | D:5      | Reached skill level 2 in Summonings
  4498 | D:5      | Reached skill level 2 in Necromancy
  4498 | D:5      | Reached skill level 2 in Translocations
  4498 | D:5      | Reached skill level 2 in Transmutations
  4498 | D:5      | Reached skill level 2 in Fire Magic
  4498 | D:5      | Reached skill level 2 in Ice Magic
  4498 | D:5      | Reached skill level 2 in Air Magic
  4498 | D:5      | Reached skill level 2 in Earth Magic
  4498 | D:5      | Reached skill level 2 in Poison Magic
  4498 | D:5      | Reached skill level 3 in Invocations
  4498 | D:5      | Reached skill level 3 in Evocations
  4498 | D:5      | Reached XP level 7. HP: 60/60 MP: 9/11
  4498 | D:5      | Reached XP level 8. HP: 67/67 MP: 9/12
  4579 | D:5      | Found a glowing drain.
  4667 | D:6      | Reached * piety under Cheibriados
  5278 | D:6      | Found a shimmering altar of Xom.
  5281 | D:6      | Found a hazy altar of Hepliaklqana.
  5281 | D:6      | Found a radiant altar of Vehumet.
  5283 | D:6      | Found an iron altar of Okawaru.
  5283 | D:6      | Found a shadowy altar of Dithmenos.
  5283 | D:6      | Found a blossoming altar of Fedhas.
  5402 | D:7      | Noticed Duvessa
  5417 | D:7      | Killed Duvessa
  5417 | D:7      | Noticed Dowan
  5418 | D:7      | Reached skill level 3 in Conjurations
  5418 | D:7      | Reached skill level 3 in Hexes
  5418 | D:7      | Reached skill level 3 in Summonings
  5418 | D:7      | Reached skill level 3 in Necromancy
  5418 | D:7      | Reached skill level 3 in Translocations
  5418 | D:7      | Reached skill level 3 in Transmutations
  5418 | D:7      | Reached skill level 3 in Fire Magic
  5418 | D:7      | Reached skill level 3 in Ice Magic
  5418 | D:7      | Reached skill level 3 in Air Magic
  5418 | D:7      | Reached skill level 3 in Earth Magic
  5418 | D:7      | Reached skill level 3 in Poison Magic
  5418 | D:7      | Reached skill level 4 in Invocations
  5425 | D:7      | Killed Dowan
  5426 | D:7      | Reached skill level 6 in Maces & Flails
  5480 | D:7      | Noticed Prince Ribbit
  5516 | D:7      | Killed Prince Ribbit
  5517 | D:7      | Reached skill level 4 in Short Blades
  5517 | D:7      | Reached skill level 4 in Long Blades
  5517 | D:7      | Reached skill level 4 in Axes
  5517 | D:7      | Reached skill level 4 in Polearms
  5517 | D:7      | Reached skill level 4 in Staves
  5517 | D:7      | Reached skill level 4 in Ranged Weapons
  5517 | D:7      | Reached skill level 4 in Throwing
  5517 | D:7      | Reached skill level 4 in Dodging
  5517 | D:7      | Reached skill level 4 in Stealth
  5517 | D:7      | Reached skill level 4 in Unarmed Combat
  5517 | D:7      | Reached skill level 4 in Spellcasting
  5517 | D:7      | Reached skill level 4 in Evocations
  5517 | D:7      | Reached XP level 9. HP: 74/74 MP: 13/15
  6894 | D:7      | Noticed Sigmund
  6912 | D:7      | Killed Sigmund
  6935 | D:7      | Noticed Edmund
  6943 | D:7      | Killed Edmund
  6944 | D:7      | Reached skill level 8 in Fighting
  6944 | D:7      | Reached skill level 8 in Armour
  6944 | D:7      | Reached skill level 8 in Shields
  7156 | D:7      | Reached ** piety under Cheibriados
  7233 | D:7      | Noticed Joseph
  7257 | D:7      | Killed Joseph
  7258 | D:7      | Reached skill level 5 in Invocations
  7582 | D:8      | Learned a level 2 spell: Scorch
  7618 | D:8      | Found a runed translucent gate.
  7618 | D:8      | Found a runed translucent gate.
  7618 | D:8      | Found a runed translucent gate.
  7631 | D:8      | Noticed KittyFluff's ghost (novice GrBe)
  7676 | D:8      | Found a glowing silver altar of Zin.
  7676 | D:8      | Found a burning altar of Makhleb.
  7677 | D:8      | Noticed a balrug
  7677 | D:8      | Noticed an angel
  7874 | D:8      | Reached skill level 4 in Conjurations
  7874 | D:8      | Reached skill level 4 in Hexes
  7874 | D:8      | Reached skill level 4 in Summonings
  7874 | D:8      | Reached skill level 4 in Necromancy
  7874 | D:8      | Reached skill level 4 in Translocations
  7874 | D:8      | Reached skill level 4 in Transmutations
  7874 | D:8      | Reached skill level 4 in Fire Magic
  7874 | D:8      | Reached skill level 4 in Ice Magic
  7874 | D:8      | Reached skill level 4 in Air Magic
  7874 | D:8      | Reached skill level 4 in Earth Magic
  7874 | D:8      | Reached skill level 4 in Poison Magic
  8310 | D:9      | Reached skill level 5 in Short Blades
  8310 | D:9      | Reached skill level 5 in Long Blades
  8310 | D:9      | Reached skill level 5 in Axes
  8310 | D:9      | Reached skill level 5 in Polearms
  8310 | D:9      | Reached skill level 5 in Staves
  8310 | D:9      | Reached skill level 5 in Ranged Weapons
  8310 | D:9      | Reached skill level 5 in Throwing
  8310 | D:9      | Reached skill level 5 in Dodging
  8310 | D:9      | Reached skill level 5 in Stealth
  8310 | D:9      | Reached skill level 5 in Unarmed Combat
  8310 | D:9      | Reached skill level 5 in Spellcasting
  8310 | D:9      | Reached skill level 5 in Evocations
  8310 | D:9      | Reached XP level 10. HP: 81/81 MP: 17/17
  8430 | D:9      | Reached skill level 7 in Maces & Flails
  8470 | D:9      | HP: 6/82 [red devil/+0 trident (14)]
  8470 | D:9      | Demolished by a red devil

Vanquished Creatures
  Pikel (D:5)
  Joseph (D:7)
  An ice devil (D:9)
  Prince Ribbit (D:7)
  Sigmund (D:7)
  A vampire (D:5)
  Edmund (D:7)
  A water moccasin (D:6)
  Duvessa (D:7)
  An ice beast (D:8)
  An ogre (D:4)
  4 lemures (D:5)
  7 centaurs
  A phantom (D:7)
  A necrophage (D:5)
  5 wights (D:6)
  Dowan (D:7)
  3 hounds
  2 quasits (D:9)
  A jelly (D:7)
  3 orc priests
  A gnoll bouda (D:8)
  3 iguanas
  3 orc wizards
  5 adders
  4 gnolls (D:8)
  A shadow imp (D:7)
  3 white imps
  An ufetubus (D:5)
  2 worms (D:5)
  2 dart slugs
  16 orcs
  5 endoplasms
  5 giant cockroaches
  4 goblins
  5 hobgoblins
  4 jackals (D:4)
  6 kobolds
  A quokka (D:3)
  8 ball pythons
  5 bats
  7 frilled lizards
  8 rats
138 creatures vanquished.

Vanquished Creatures (others)
  An orc (D:3)
1 creature vanquished.

Grand Total: 139 creatures vanquished

Table legend: (Time is in decaauts)
 A = Elapsed time spent in this place.
 B = Non-inter-level travel time spent in this place.
 C = Inter-level travel time spent in this place.
 D = Time resting spent in this place.
 E = Time spent auto-exploring this place.
 F = Levels seen in this place.
 G = Mean time per level.
                   A        B        C        D        E       F      G
               +--------+--------+--------+--------+--------+-----+--------+
         Total |  10010 |   9138 |    872 |   1048 |   6355 |   9 | 1112.2 |
       Dungeon |  10010 |   9138 |    872 |   1048 |   6355 |   9 | 1112.2 |
               +--------+--------+--------+--------+--------+-----+--------+

Top non-repeatable levels by time:
     D:4: 1704 daAuts
     D:5: 1358 daAuts
     D:2: 1273 daAuts
     D:7: 1241 daAuts
     D:3: 1201 daAuts
     D:8: 1138 daAuts
     D:6: 1010 daAuts
     D:1: 851 daAuts
     D:9: 232 daAuts

Table legend:
 A = Non-vault XP
 B = Vault XP
 C = Vault XP percentage of total XP
 D = Non-vault monster count
 E = Vault monster count
 F = Vault count percentage of total count
                 A         B        C        D         E       F
            +---------+---------+-------+---------+---------+-------
      Total |    2843 |    2437 |  46.2 |     122 |      12 |   9.0
            +---------+---------+-------+---------+---------+-------
        D:1 |      28 |       0 |   0.0 |      21 |       0 |   0.0
        D:2 |      50 |       0 |   0.0 |      16 |       0 |   0.0
        D:3 |     122 |       0 |   0.0 |      17 |       0 |   0.0
        D:4 |     272 |       0 |   0.0 |      24 |       0 |   0.0
        D:5 |     363 |     651 |  64.2 |       6 |       3 |  33.3
        D:6 |     666 |       0 |   0.0 |      12 |       0 |   0.0
        D:7 |     440 |    1365 |  75.6 |      11 |       6 |  35.3
        D:8 |     674 |       0 |   0.0 |      13 |       0 |   0.0
        D:9 |     228 |     421 |  64.9 |       2 |       3 |  60.0
            +---------+---------+-------+---------+---------+-------
